 Dungeon Crawl Stone Soup version 0.28.0-45-g0d030f2227 (webtiles) character file.

Game seed: 14634640293705529885

1699 MalarOregon the Magician (level 8, 0/55 HPs)
             Began as a Palentonga Hedge Wizard on Apr 21, 2022.
             Was a Follower of Makhleb.
             Slain by Maggie the black mamba (5 damage)
             ... on level 5 of the Dungeon.
             The game lasted 00:24:52 (7629 turns).

MalarOregon the Magician (Palentonga Hedge Wizard)  Turns: 7629, Time: 00:24:52

Health: 0/55       AC: 12    Str: 13    XL:     8   Next: 73%
Magic:  12/16      EV:  9    Int: 17    God:    Makhleb [*.....]
Gold:   1473       SH:  0    Dex: 10    Spells: 13/18 levels left

rFire   . . .      SeeInvis +   b - staff of conjuration {!a}
rCold   . . .      Faith    .   (no shield)
rNeg    . . .      Spirit   .   n - +0 leather armour
rPois   +          Reflect  .   s - +0 helmet
rElec   .          Harm     .   (no cloak)
rCorr   .          Rampage  .   (no gloves)
Will    .....                   (no barding)
Stlth   ..........              e - amulet of magic regeneration
HPRegen 0.18/turn               h - ring of poison resistance
MPRegen 0.55/turn               (no ring)

@: silenced, on blink cooldown, curled up
A: large, rugged brown scales 3, see invisible, deformed body, roll 1, armoured
tail, reflexive curl
a: Rolling Charge, Renounce Religion


You were on level 5 of the Dungeon.
You worshipped Makhleb.
Makhleb was aware of your devotion.
You visited 2 branches of the dungeon, and saw 7 of its levels.
You also visited: Sewer.

You collected 1507 gold pieces.
You spent 34 gold pieces at shops.


Innate Abilities, Weirdness & Mutations

You are completely covered in rugged brown scales. (AC +3, +7% HP)
You have supernaturally acute eyesight. (SInv)
Armour fits poorly on your strangely shaped body.
You can roll at nearby foes to attack.
You have a long armoured tail.
You curl defensively after being hit. (AC +7*)


   Skills:
 + Level 4.5 Staves
 - Level 1.5 Dodging
 - Level 1.2 Stealth
 + Level 5.9 Spellcasting
 + Level 5.9 Conjurations
 + Level 4.3 Summonings
 - Level 1.0 Translocations


You had 13 spell levels left.
You knew the following spells:

 Your Spells              Type           Power      Damage    Failure   Level
a - Magic Dart            Conj           100%       1d8       1%          1
b - Blink                 Tloc           16%        N/A       16%         2
x - Call Imp              Summ           19%        N/A       4%          2

Your spell library contained the following spells:

 Spells                   Type           Power      Damage    Failure   Level
 Conjure Flame            Conj/Fire      22%        6-21      14%         3
 Slow                     Hex            20%        N/A       17%         1
 Mephitic Cloud           Conj/Pois/Air  17%        N/A       22%         3
 Gell's Gravitas          Tloc           8%         N/A       32%         3
 Teleport Other           Tloc           8%         N/A       32%         3
 Frozen Ramparts          Ice            10%        1d3       45%         3
 Summon Ice Beast         Ice/Summ       12%        N/A       56%         4
 Ice Form                 Ice/Tmut       5%         N/A       86%         4
 Dispersal                Tloc           4%         N/A       100%        6

Inventory:

Hand Weapons
 a - the +7 quarterstaff of Uncomfortable Rashes {vamp, rElec Dex+3}
   (You found it on level 3 of the Dungeon)

   It occasionally heals its wielder for a portion of the damage dealt when it
   wounds a living foe.
   Dex:       It affects your dexterity (+3).
   rElec:     It insulates you from electricity.
Armour
 c - a +0 troll leather armour {Pargi}
   (You found it in a sewer)
 n - a +0 leather armour (worn)
   (You found it on level 1 of the Dungeon)
 o - a +0 kite shield
   (You found it in a sewer)
 s - a +0 helmet (worn)
   (You took it off Robin on level 4 of the Dungeon)
Magical Staves
 b - a staff of conjuration (weapon) {!a}
   (You found it on level 1 of the Dungeon)
Jewellery
 e - an amulet of magic regeneration (around neck)
   (You found it in a sewer)
 h - a ring of poison resistance (left hand)
   (You found it on level 2 of the Dungeon)
Wands
 t - a wand of flame (22)
   (You found it on level 3 of the Dungeon)
Scrolls
 d - 2 scrolls of enchant weapon {unknown}
 i - 2 scrolls of amnesia {unknown}
 k - 2 scrolls of silence
 l - 2 scrolls of fear {unknown}
 m - 3 scrolls of identify {unknown}
 q - a scroll of vulnerability {unknown}
 u - a scroll of fog
Potions
 f - a potion of berserk rage
 g - a potion of curing {@q1}
 p - 2 potions of ambrosia {unknown}
 r - a potion of degeneration {unknown}

Dungeon Overview and Level Annotations

Branches:
Dungeon (6/15)             Temple (1/1) D:5           Sewer (visited)

Altars:
Ashenzari
Cheibriados
Elyvilon
Fedhas
Hepliaklqana
Makhleb
Nemelex Xobeh
Okawaru
Qazlal
Ru
Sif Muna
Uskayaw
Vehumet
Xom
Yredelemnul
Zin
Lugonu

Shops:
D:3 *

Annotations:
D:5 Maggie

### ####≈# ######## #.#
###.##≈≈
##..#...###.####...#≈≈≈
##......>.#....##...##≈≈
#....[#..............###
##....#............#.###
#..........##....#.#..##
#...........#...##...##.
#####..@.............#..
###S....#........#..
#...5.##............
#...............##..
##.....##........#..
#....>###..........
####.#.###........#
###..##.........
#.....8.........


You could see Maggie the black mamba (ally target) and a friendly crimson imp
(summoned, unsilenced).


Message History

Press: ? - help, Shift-Dir - straight line, f/p - bullfrog skeleton
Aim: a bullfrog skeleton (lightly damaged, 100% to hit)
You feel a surge of power!
The magic dart hits the bullfrog skeleton.
Casting: Magic Dart (safe; 1% risk of failure)
Confirm with . or Enter, or press ? or * to list all spells.
Aiming: Magic Dart (safe; 1% risk of failure)
Press: ? - help, Shift-Dir - straight line, f/p - bullfrog skeleton
Aim: a bullfrog skeleton (lightly damaged, 100% to hit)
You feel a surge of power!
The magic dart hits the bullfrog skeleton.
Casting: Magic Dart (safe; 1% risk of failure)
Confirm with . or Enter, or press ? or * to list all spells.
Aiming: Magic Dart (safe; 1% risk of failure)
Press: ? - help, Shift-Dir - straight line, f/p - bullfrog skeleton
Aim: a bullfrog skeleton (moderately damaged, 100% to hit)
You feel a surge of power!
The magic dart hits the bullfrog skeleton!
Casting: Magic Dart (safe; 1% risk of failure)
Confirm with . or Enter, or press ? or * to list all spells.
Aiming: Magic Dart (safe; 1% risk of failure)
Press: ? - help, Shift-Dir - straight line, f/p - bullfrog skeleton
Aim: a bullfrog skeleton (heavily damaged, 100% to hit)
You feel a surge of power!
The magic dart hits the bullfrog skeleton.
The bullfrog skeleton hits you but does no damage.
Casting: Magic Dart (safe; 1% risk of failure)
Confirm with . or Enter, or press ? or * to list all spells.
Aiming: Magic Dart (safe; 1% risk of failure)
Press: ? - help, Shift-Dir - straight line, f/p - bullfrog skeleton
Aim: a bullfrog skeleton (severely damaged, 100% to hit)
You feel a surge of power!
The magic dart hits the bullfrog skeleton!
The bullfrog skeleton closely misses you. x2
Casting: Magic Dart (safe; 1% risk of failure)
Confirm with . or Enter, or press ? or * to list all spells.
Aiming: Magic Dart (safe; 1% risk of failure)
Press: ? - help, Shift-Dir - straight line, f/p - bullfrog skeleton
Aim: a bullfrog skeleton (almost destroyed, 100% to hit)
You feel a surge of power!
The magic dart hits the bullfrog skeleton!
You destroy the bullfrog skeleton!
Makhleb accepts your kill.
i - 2 scrolls labelled JOIMEKKEAQU (gained 1)
You now have 1473 gold pieces (gained 11).
Found a stone staircase leading down.
Maggie the Vainglorious comes into view.
She is wielding a +2 long sword of pain.
Maggie shouts!
You hear a shout! x2
Casting: Magic Dart (safe; 1% risk of failure)
Confirm with . or Enter, or press ? or * to list all spells.
Aiming: Magic Dart (safe; 1% risk of failure)
Press: ? - help, Shift-Dir - straight line, f - Maggie
Aim: Maggie, wielding a +2 long sword of pain and wearing +0 acid dragon scales (100% to hit)
You feel a surge of power!
The magic dart hits Maggie.
An orc comes into view. It is wielding a +0 club.
Maggie casts a spell at you. The bolt of fire hits you!!
You hear a shout! x2
Okay, then.
Maggie gestures wildly while chanting.
Maggie attempts to bespell you!
You are mesmerised by Maggie!
Okay, then.
Aiming: Polymorph
Press: ? - help, Shift-Dir - straight line, f/p - Maggie
Aim: Maggie, wielding a +2 long sword of pain and wearing +0 acid dragon scales (lightly wounded, mesmerising, will become a scorpion, a black mamba, or a boggart, chance to affect: 49%)
You are no longer entranced.
Maggie evaporates and reforms as a black mamba!
The now-empty wand crumbles to dust.
Maggie bites you.
There is a stone staircase leading up here.
Maggie bites you!
* * * LOW HITPOINT WARNING * * *
Maggie bites you.
* * * LOW HITPOINT WARNING * * *
You climb upwards.
There is a stone staircase leading down here.
Unknown command.
Okay, then.
Okay, then.
Casting: Magic Dart (safe; 1% risk of failure)
Confirm with . or Enter, or press ? or * to list all spells.
You blink.
Casting: Blink (safe; 16% risk of failure)
Confirm with . or Enter, or press ? or * to list all spells.
A beastly little devil appears in a puff of frigid air.
Casting: Call Imp (safe; 4% risk of failure)
Confirm with . or Enter, or press ? or * to list all spells.
A beastly little devil appears in a puff of flame.
Your white imp disappears in a puff of smoke!
Maggie barely misses you.
Casting: Call Imp (safe; 4% risk of failure)
Confirm with . or Enter, or press ? or * to list all spells.
You are still too unstable to blink.
Unknown command.
As you read the scroll labelled UREJAU VAYL, it crumbles to dust.
A profound silence engulfs you.
It was a scroll of silence.
Maggie bites you!
* * * LOW HITPOINT WARNING * * *
Maggie bites you.
You die...

Skill      XL: |  1  2  3  4  5  6  7  8 |
---------------+-------------------------+-----
Conjurations   | 1 2 3 5 |  5.9
Summonings     | 1 2 3 4 |  4.3
Spellcasting   | 4 5 |  5.9
Staves         | 1 2 3 4 |  4.5
Dodging        | |  1.5
Stealth        | |  1.2
Translocations | |  1.0

Action                   |  1- 3 |  4- 6 |  7- 9 || total
-------------------------+-------+-------+-------++-------
Melee: Dagger            |    17 |       |       ||    17
       Tailslap          |     2 |     2 |     6 ||    10
       Unarmed           |     1 |       |       ||     1
       Quarterstaff      |       |    29 |    50 ||    79
       Staff             |       |       |     1 ||     1
 Cast: Magic Dart        |   136 |   128 |   173 ||   437
       Call Imp          |       |     1 |     2 ||     3
       Blink             |       |       |     1 ||     1
 Abil: Rolling Charge    |     3 |       |     1 ||     4
Evoke: Wand              |       |       |     1 ||     1
  Use: Scroll            |       |       |     6 ||     6
       Potion            |       |       |     1 ||     1
Armor: Robe              |     3 |       |       ||     3
       Leather armour    |    13 |    26 |    42 ||    81
       Skin              |     1 |       |       ||     1
Dodge: Dodged            |    20 |    29 |    67 ||   116

Levels and vault maps discovered:
D:1:      grunt_arrival_crossed_arrows, layout_rooms,
          hellmonk_ecumenical_altar_watching_god
D:2:      layout_rooms, ebering_dispersal_statue_hall
D:3:      layout_basic, jmf_multi_god_temple, serial_shops, shop,
          minmay_misc_feat_x, minivault_26, uniq_terence
D:4:      nicolae_BIG_FREAKIN_CUBE, layout_rooms,
          grunt_temple_overflow_order_and_chaos_2,
          chequers_temple_overflow_statue_of_worship, uniq_robin, uniq_eustachio
D:5:      layout_cave_pools, lemuel_temple_firewalk_b, serial_column_ruins,
          column_ruins_hut_pillars, column_ruins_circle_small,
          column_ruins_corridor_T, column_ruins_grid_1, column_ruins_open_tiny,
          column_ruins_grid_1, column_ruins_corridor_corner,
          gup_sewer_entry_bubbles, grunt_decor_one_mirror
D:6:      layout_rooms, kb_lookout_dungeons_type,
          hangedman_decor_diamond_cutter, amcnicky_mini_pool_medium, uniq_maggie
Temple:   corrupted_temple

Notes
Turn   | Place    | Note
-------+----------+-------------------------------------------
     0 | D:1      | MalarOregon the Palentonga Hedge Wizard began the quest for
                  | the Orb.
     0 | D:1      | Reached XP level 1. HP: 13/13 MP: 4/4
    92 | D:1      | Reached skill level 1 in Conjurations
   412 | D:1      | Reached XP level 2. HP: 20/20 MP: 3/6
   548 | D:1      | Found a faded altar of an unknown god.
   810 | D:1      | Noticed a shining eye
   811 | D:1      | Noticed a shining eye
   812 | D:1      | Noticed an eye of devastation
   812 | D:1      | Noticed a floating eye
   832 | D:1      | Learned a level 2 spell: Blink
   835 | D:1      | Learned a level 2 spell: Call Imp
  1217 | D:1      | Reached skill level 1 in Summonings
  1217 | D:1      | Reached XP level 3. HP: 25/25 MP: 2/7
  1336 | D:1      | Reached skill level 2 in Conjurations
  2700 | D:3      | Found Peghuh's Assorted Antiques.
  2726 | D:3      | Noticed Terence
  2824 | D:2      | Killed Terence
  2825 | D:2      | Reached XP level 4. HP: 32/32 MP: 0/9
  2986 | D:3      | Bought a scroll labelled UREJAU VAYL for 17 gold pieces
  2986 | D:3      | Bought a scroll labelled SURAYDAROG for 17 gold pieces
  3095 | D:3      | Found an iron altar of Okawaru.
  3098 | D:3      | You pick up a book of Rime and begin reading...
  3098 | D:3      | You add the spells Frozen Ramparts, Ice Form and Summon Ice
                  | Beast to your library.
  3100 | D:3      | Identified the +7 quarterstaff of Uncomfortable Rashes
                  | {vamp, rElec Dex+3}
  3435 | D:3      | Found a basalt altar of Yredelemnul.
  3448 | D:3      | Reached skill level 4 in Spellcasting
  3793 | D:4      | Noticed Eustachio
  3893 | D:4      | HP: 7/32 [river rat[Eustachio] (3)]
  3899 | D:3      | HP: 4/32 [Eustachio/+0 rapier (6)]
  3902 | D:3      | Killed Eustachio
  3903 | D:3      | Reached skill level 1 in Staves
  3903 | D:3      | Reached skill level 3 in Conjurations
  3903 | D:3      | Reached skill level 2 in Summonings
  3903 | D:3      | Reached XP level 5. HP: 9/37 MP: 11/11
  3903 | D:3      | Reached XP level 6. HP: 11/43 MP: 12/12
  4257 | D:4      | Noticed Robin
  4266 | D:4      | Killed Robin
  4709 | D:4      | Reached skill level 2 in Staves
  5302 | D:4      | Gained mutation: You curl defensively after being hit. (AC
                  | +7*) [Palentonga growth]
  5302 | D:4      | Reached XP level 7. HP: 38/49 MP: 1/14
  5394 | D:4      | Found a radiant altar of Vehumet.
  5400 | D:4      | Found a blossoming altar of Fedhas.
  5400 | D:4      | Found a broken altar of Ashenzari.
  5425 | D:4      | Reached skill level 4 in Conjurations
  5425 | D:4      | Reached skill level 3 in Summonings
  5737 | D:4      | Found a glowing silver altar of Zin.
  5737 | D:4      | Found a burning altar of Makhleb.
  5741 | D:4      | Noticed a balrug
  5741 | D:4      | Noticed an angel
  5744 | D:4      | Became a worshipper of Makhleb the Destroyer
  5992 | D:5      | Entered Level 5 of the Dungeon
  6004 | D:5      | Reached skill level 5 in Spellcasting
  6024 | D:5      | Reached skill level 3 in Staves
  6290 | D:5      | HP: 12/49 [centaur (2)]
  6295 | D:5      | Reached skill level 5 in Conjurations
  6295 | D:5      | Reached XP level 8. HP: 15/55 MP: 3/15
  6365 | D:5      | Identified a scroll of acquirement
  6365 | D:5      | Acquired 1204 gold pieces
  6411 | D:5      | Reached * piety under Makhleb
  6440 | D:5      | Found a glowing drain.
  6449 | Sewer    | Entered a sewer
  6538 | Sewer    | Noticed Pargi
  6553 | Sewer    | Killed Pargi
  6799 | D:5      | You add the spells Gell's Gravitas, Teleport Other and
                  | Dispersal to your library.
  6848 | D:5      | Reached skill level 4 in Staves
  7006 | D:5      | Reached skill level 4 in Summonings
  7184 | D:5      | Found a staircase to the Ecumenical Temple.
  7193 | Temple   | Entered the Ecumenical Temple
  7604 | D:6      | Noticed Maggie
  7616 | D:6      | Noticed Maggie
  7616 | D:6      | Maggie changed into Maggie the black mamba
  7629 | D:5      | HP: 5/55 [Maggie the black mamba (17)]
  7629 | D:5      | Slain by Maggie the black mamba

Vanquished Creatures
  Eustachio (D:3)
  Pargi (Sewer)
  A sky beast (D:6)
  2 black bears (D:5)
  4 ogres
  A centaur (D:5)
  2 phantoms
  2 hounds
  2 orc priests
  2 bullfrog skeletons
  Terence (D:2)
  2 iguanas (D:5)
  3 orc wizards
  A hound zombie (D:5)
  A howler monkey zombie (D:6)
  Robin (D:4)
  6 adders
  2 white imps (D:5)
  2 ufetubi
  A worm (D:4)
  3 dart slugs
  20 orcs
  3 ball pythons
  7 endoplasms
  4 giant cockroaches
  18 goblins
  10 hobgoblins
  8 jackals
  10 quokkas
  10 bats
  2 frilled lizards (D:1)
  2 kobolds
  16 rats
151 creatures vanquished.

Vanquished Creatures (collateral kills)
  An iguana (D:4)
1 creature vanquished.

Grand Total: 152 creatures vanquished

Table legend:
 A = Non-vault XP
 B = Vault XP
 C = Vault XP percentage of total XP
 D = Non-vault monster count
 E = Vault monster count
 F = Vault count percentage of total count
                 A         B        C        D         E       F
            +---------+---------+-------+---------+---------+-------
      Total |    2000 |     428 |  17.6 |     125 |      27 |  17.8
            +---------+---------+-------+---------+---------+-------
        D:1 |      60 |       0 |   0.0 |      27 |       0 |   0.0
        D:2 |      32 |      36 |  52.9 |      17 |       1 |   5.6
        D:3 |      49 |     199 |  80.2 |      17 |       3 |  15.0
        D:4 |     621 |      38 |   5.8 |      33 |      13 |  28.3
        D:5 |     873 |      12 |   1.4 |      16 |       8 |  33.3
        D:6 |     365 |       0 |   0.0 |      15 |       0 |   0.0
      Sewer |       0 |     143 | 100.0 |       0 |       2 | 100.0
            +---------+---------+-------+---------+---------+-------

Illustrated notes

Table legend:
 A = Kills in this place as a percentage of kills in entire the game.
 B = Kills by you in this place as a percentage of kills by you in the entire game.
 C = Kills by friends in this place as a percentage of kills by friends in the entire game.
 D = Other kills in this place as a percentage of other kills in the entire game.
 E = Experience gained in this place as a percentage of experience gained in the entire game.
 F = Experience gained in this place divided by the number of levels of this place that you have seen.
                   A       B       C       D       E      F
               +-------+-------+-------+-------+-------+----------------------
         Total | 100.0 | 100.0 | 100.0 |   N/A | 100.0 | 303.5
       Dungeon |  98.7 |  98.7 | 100.0 |   N/A |  94.1 | 380.8
         Sewer |   1.3 |   1.3 |   0.0 |   N/A |   5.9 | 143.0
               +-------+-------+-------+-------+-------+----------------------

Table legend: (Time is in decaauts)
 A = Elapsed time spent in this place.
 B = Non-inter-level travel time spent in this place.
 C = Inter-level travel time spent in this place.
 D = Time resting spent in this place.
 E = Time spent auto-exploring this place.
 F = Levels seen in this place.
 G = Mean time per level.
                   A        B        C        D        E       F      G
               +--------+--------+--------+--------+--------+-----+--------+
         Total |   7656 |   7362 |    294 |   1434 |   4516 |   8 |  957.0 |
       Dungeon |   7397 |   7114 |    283 |   1434 |   4321 |   6 | 1232.8 |
        Temple |     41 |     30 |     11 |      0 |     23 |   1 |   41.0 |
         Sewer |    217 |    217 |      0 |      0 |    172 |   1 |  217.0 |
               +--------+--------+--------+--------+--------+-----+--------+

Top non-repeatable levels by time:
     D:4: 1963 daAuts
     D:1: 1708 daAuts
     D:3: 1248 daAuts
     D:2: 1180 daAuts
     D:5: 955 daAuts
     D:6: 340 daAuts
   Sewer: 217 daAuts
  Temple: 41 daAuts
